 Dungeon Crawl Stone Soup version 0.27.1-3-gb3d3a73c9e (webtiles) character file.

Game seed: 4402068314874507925

898 ABBCCCDDDD the Sneak (level 8, -1/50 HPs)
             Began as an Octopode Hedge Wizard on Oct 20, 2021.
             Slain by an ogre (25 damage)
             ... on level 5 of the Dungeon.
             The game lasted 00:13:58 (8879 turns).

ABBCCCDDDD the Sneak (Octopode Hedge Wizard)        Turns: 8879, Time: 00:13:59

Health: -1/50      AC:  1    Str:  9    XL:     8   Next: 7%
Magic:  0/12       EV: 13    Int: 18    God:
Gold:   213        SH:  0    Dex: 12    Spells: 4/13 levels left

rFire    . . .     SeeInvis .   t - +2 spear (flame)
rCold    . . .     Faith    .   (no shield)
rNeg     . . .     Spirit   +   b - +0 hat
rPois    .         Reflect  .   s - amulet of guardian spirit
rElec    .         Harm     .   (no ring)
rCorr    .         Rampage  .   (no ring)
Will     .....                  (no ring)
Stlth    ++++......             (no ring)
HPRegen  0.16/turn              (no ring)
MPRegen  0.13/turn              (no ring)
                                (no ring)
                                (no ring)

@: no status effects
A: almost no armour, amphibious, 8 rings, camouflage 1, gelatinous body 1,
(nimble swimmer 1), tentacles
a: no special abilities


You were on level 5 of the Dungeon.
You visited 1 branch of the dungeon, and saw 5 of its levels.

You collected 213 gold pieces.

Inventory:

Hand Weapons
 a - a +0 dagger
 g - a +0 rapier
 l - a +2 hand axe of flaming
 t - a +2 spear of flaming (weapon)
Missiles
 d - a throwing net
 e - 7 javelins
Armour
 b - a +0 hat (worn)
Jewellery
 s - an amulet of guardian spirit (around mantle)
Scrolls
 f - a scroll of holy word {unknown}
 h - a scroll of amnesia {unknown}
 j - a scroll of identify {unknown}
 k - a scroll of torment {unknown}
 o - a scroll of fear {unknown}
 p - 2 scrolls of acquirement {unknown}
Potions
 c - a potion of lignification {unknown}
 m - a potion of cancellation {unknown}
 n - a potion of flight {unknown}
 q - 3 potions of brilliance {unknown}
 u - a potion of mutation {unknown}
 v - a potion of heal wounds {unknown}
 w - a potion of attraction {unknown}


   Skills:
 - Level 2.0 Fighting
 - Level 2.0 Dodging
 - Level 6.0 Stealth
 - Level 3.0 Spellcasting
 - Level 3.0 Conjurations
 - Level 1.0 Summonings
 - Level 1.0 Translocations
 * Level 5.2 Ice Magic
 - Level 2.0 Air Magic
 + Level 4.4 Poison Magic


You had 4 spell levels left.
You knew the following spells:

 Your Spells              Type           Power      Damage    Failure   Level
a - Magic Dart            Conj           52%        1d5       4%          1
b - Blink                 Tloc           N/A        N/A       16%         2
c - Mephitic Cloud        Conj/Pois/Air  13%        N/A       14%         3
d - Ozocubu's Armour      Ice            21%        N/A       5%          3

Your spell library contained the following spells:

 Spells                   Type           Power      Damage    Failure   Level
 Poisonous Vapours        Pois/Air       28%        N/A       7%          2
 Call Imp                 Summ           6%         N/A       16%         2
 Corpse Rot               Necr/Air       N/A        N/A       16%         2
 Slow                     Hex            2%         N/A       24%         2
 Conjure Flame            Conj/Fire      8%         6-21      26%         3
 Freezing Cloud           Conj/Ice/Air   7%         6-21      73%         5
 Ozocubu's Refrigeration  Ice            10%        4d7       100%        7


Dungeon Overview and Level Annotations

Branches:
Dungeon (5/15)
 Temple: D:4-7

Altars:

Annotations:
D:2 Sigmund
D:3 2 runed translucent doors, PeterMcNeter's ghost, weakling BaFi
D:5 2 runed translucent doors


Innate Abilities, Weirdness & Mutations

You cannot wear most types of armour.
You are amphibious.
You can wear up to eight rings at the same time.
Your skin changes colour to match your surroundings (Stealth+).
Your rubbery body absorbs attacks. (AC +1, EV +1)
((You are camouflaged near water. (Stealth+)))
You have tentacles for arms and can constrict up to eight enemies at once.


Message History

You start resting.
HP restored.
Casting: Ozocubu's Armour (dangerous; 5% risk of failure)
Confirm with . or Enter, or press ? or * to list all spells.
Aiming: Magic Dart (safe; 4% risk of failure)
Press: ? - help, Shift-Dir - straight line, f - ogre
Aim: an ogre, wielding a +0 giant spiked club (wandering, hasn't noticed you, 100% to hit)
The magic dart hits the ogre but does no damage.
The ogre shouts!
You reach to attack!
You hit the ogre. You burn the ogre.
The ogre is lightly wounded.
Things that are here:
a +0 robe; a +0 dagger
There is a stone staircase leading up, spattered with blood here.
Things that are here:
a +0 whip; a +0 hunting sling; a +0 chain mail
Casting: Magic Dart (safe; 4% risk of failure)
Confirm with . or Enter, or press ? or * to list all spells.
Aiming: Mephitic Cloud (dangerous; 14% risk of failure)
Press: ? - help, Shift-Dir - straight line, f/p - ogre
Aim: an ogre, wielding a +0 giant spiked club (chance to affect: 77%)
The ball explodes into a vile cloud!
The stinking cloud engulfs the ogre but does no damage.
The ogre is engulfed in noxious fumes.
The ogre appears confused.
No reachable target in view!
The ogre is engulfed in noxious fumes.
The ogre appears confused.
You reach to attack!
You hit the ogre but do no damage.
The ogre is engulfed in noxious fumes.
The ogre appears confused.
You hit the ogre. You burn the ogre.
The ogre is moderately wounded.
The ogre ponders the situation.
The ogre hits you with a +0 giant spiked club!!
Ouch! That really hurt!
You are too injured to fight recklessly!
You are too injured to fight recklessly!
You hit the ogre. You burn the ogre.
The ogre is moderately wounded.
The ogre hits you with a +0 giant spiked club!!
Ouch! That really hurt!
You die...

## .........# .# .........# .#
.........# ♣ .# #####..##### .♣
. .# #......###### ##.♣P. .#
##.###....O.###..... .#### #.#
######..#....# ....#
#)#########.#..# .##.###
##.##...@O......#
>.....###.........##.##.#
...(........##..###..##.######..
.##.###...............)........#
..≈≈≈≈#.....######..###.)######
#.≈♣≈≈......# ##.###...####
##.≈[<...8'8# #..##.#....#
###....#.#.## #..##.####...#
.....#.#.#..+ #..##.♣ # ##.#


You could see an ogre (confused).

Levels and vault maps discovered:
D:1:      sevenhm_arrival_forest_fort_small_3, layout_basic,
          shapermc_ecumenical_altar_pompeii
D:2:      layout_basic, minmay_goblin_outpost, uniq_sigmund
D:3:      layout_basic, ebering_ghost_sewer_f, serial_bayou_pond_a
D:4:      layout_loops_ring, grunt_decor_mini_mirrors, uniq_blork_the_orc
D:5:      layout_rooms, mainiacjoe_overflow_six_doors_small,
          jmf_multi_god_temple2, serial_bayou, serial_bayou_pond_d,
          serial_bayou_pond_d, serial_bayou_pond_b, serial_bayou_crossing,
          serial_bayou_ford_a

Notes
Turn   | Place    | Note
-------+----------+-------------------------------------------
     0 | D:1      | ABBCCCDDDD the Octopode Hedge Wizard began the quest for
                  | the Orb.
     0 | D:1      | Reached XP level 1. HP: 11/11 MP: 4/4
   584 | D:1      | Reached skill level 3 in Stealth
   678 | D:1      | Reached XP level 2. HP: 18/18 MP: 1/6
   958 | D:1      | Found a faded altar of an unknown god.
  1361 | D:1      | Reached skill level 1 in Fighting
  2253 | D:2      | Reached XP level 3. HP: 22/23 MP: 1/7
  3364 | D:2      | Reached skill level 4 in Stealth
  3574 | D:2      | Reached XP level 4. HP: 29/29 MP: 1/8
  4251 | D:2      | Learned a level 2 spell: Blink
  4255 | D:2      | Learned a level 3 spell: Mephitic Cloud
  4342 | D:2      | Noticed Sigmund
  4490 | D:3      | Learned a level 3 spell: Ozocubu's Armour
  5047 | D:3      | Found a runed translucent door.
  5047 | D:3      | Noticed a bullfrog
  5360 | D:3      | Found a runed translucent door.
  5365 | D:3      | Noticed PeterMcNeter's ghost (weakling BaFi)
  5783 | D:4      | Reached skill level 1 in Ice Magic
  5783 | D:4      | Reached XP level 5. HP: 34/34 MP: 4/9
  5974 | D:4      | Reached skill level 1 in Poison Magic
  6087 | D:4      | Reached skill level 1 in Air Magic
  6918 | D:3      | Reached XP level 6. HP: 39/39 MP: 8/10
  6984 | D:4      | Reached skill level 5 in Stealth
  7195 | D:4      | Noticed Blork the orc
  7205 | D:4      | Killed Blork the orc
  7206 | D:4      | Reached XP level 7. HP: 45/45 MP: 7/11
  7404 | D:5      | Entered Level 5 of the Dungeon
  7407 | D:5      | Found a large runed translucent door.
  7408 | D:5      | Found a large runed translucent door.
  7839 | D:5      | HP: 2/43 [centaur (2)]
  8192 | D:5      | Reached skill level 6 in Stealth
  8551 | D:5      | Reached skill level 5 in Ice Magic
  8551 | D:5      | Reached XP level 8. HP: 9/50 MP: 0/12
  8879 | D:5      | Slain by an ogre

Table legend: (Time is in decaauts)
 A = Elapsed time spent in this place.
 B = Non-inter-level travel time spent in this place.
 C = Inter-level travel time spent in this place.
 D = Time resting spent in this place.
 E = Time spent auto-exploring this place.
 F = Levels seen in this place.
 G = Mean time per level.
                   A        B        C        D        E       F      G
               +--------+--------+--------+--------+--------+-----+--------+
         Total |   8894 |   8539 |    355 |   4119 |   3193 |   5 | 1778.8 |
       Dungeon |   8894 |   8539 |    355 |   4119 |   3193 |   5 | 1778.8 |
               +--------+--------+--------+--------+--------+-----+--------+

Top non-repeatable levels by time:
     D:2: 2454 daAuts
     D:1: 2181 daAuts
     D:4: 1570 daAuts
     D:3: 1367 daAuts
     D:5: 1320 daAuts

Table legend:
 A = Kills in this place as a percentage of kills in entire the game.
 B = Kills by you in this place as a percentage of kills by you in the entire game.
 C = Kills by friends in this place as a percentage of kills by friends in the entire game.
 D = Other kills in this place as a percentage of other kills in the entire game.
 E = Experience gained in this place as a percentage of experience gained in the entire game.
 F = Experience gained in this place divided by the number of levels of this place that you have seen.
                   A       B       C       D       E      F
               +-------+-------+-------+-------+-------+----------------------
         Total | 100.0 | 100.0 |   N/A | 100.0 | 100.0 | 256.6
       Dungeon | 100.0 | 100.0 |   N/A | 100.0 | 100.0 | 256.6
               +-------+-------+-------+-------+-------+----------------------

Action                   |  1- 3 |  4- 6 |  7- 9 || total
-------------------------+-------+-------+-------++-------
Melee: Dagger            |    59 |    21 |       ||    80
       Constrict         |    19 |    14 |     6 ||    39
       Tentacles         |    10 |    12 |    14 ||    36
       Spear             |       |    40 |    72 ||   112
 Cast: Magic Dart        |    81 |    86 |    35 ||   202
       Mephitic Cloud    |       |     6 |     1 ||     7
       Ozocubu's Armour  |       |       |     4 ||     4
  Use: Scroll            |       |       |     2 ||     2
       Potion            |       |       |     2 ||     2
 Stab: Sleeping          |       |     2 |     1 ||     3
       Confused          |       |     2 |       ||     2
       Distracted        |       |     1 |     1 ||     2
Armor: Skin              |     6 |     3 |    21 ||    30
Dodge: Dodged            |    39 |    18 |    54 ||   111

Vanquished Creatures
  A water moccasin (D:5)
  An ice beast (D:5)
  An ogre (D:4)
  A centaur (D:5)
  A phantom (D:5)
  Blork the orc (D:4)
  A scorpion (D:4)
  A centaur skeleton (D:5)
  A bullfrog skeleton (D:5)
  2 iguanas (D:4)
  An orc wizard (D:5)
  A howler monkey skeleton (D:5)
  7 gnolls
  5 adders
  2 dart slugs
  A worm (D:2)
  8 orcs
  5 bats
  3 endoplasms
  4 giant cockroaches
  4 goblins
  8 hobgoblins
  9 jackals
  7 kobolds
  3 quokkas
  2 frilled lizards
  6 rats
87 creatures vanquished.

Vanquished Creatures (others)
  16 plants (D:5)
16 creatures vanquished.

Grand Total: 103 creatures vanquished
